 Dungeon Crawl Stone Soup version 0.30-a0-168-g0b976cbdc4 (webtiles) character file.

Game seed: 2982214132468920871

317 qw the Chopper (level 6, -1/38 HPs)
             Began as a Gargoyle Fighter on Sept 29, 2022.
             Slain by a gnoll bouda
             ... wielding a +0 whip
              (5 damage)
             ... on level 4 of the Dungeon.
             The game lasted 00:01:32 (3544 turns).

qw the Chopper (Gargoyle Fighter)                   Turns: 3544, Time: 00:01:32

Health: -1/38      AC: 17    Str: 28    XL:     6   Next: 45%
Magic:  6/6        EV:  6    Int:  8    God:
Gold:   168        SH:  4    Dex:  9    Spells: 5/5 levels left

rFire   . . .      SeeInvis .    Y - +2 war axe
rCold   + . .      Faith    .    c - +0 buckler
rNeg    + . .      Spirit   .    i - +0 plate armour
rPois   inf        Reflect  .    a - +0 helmet
rElec   +          Harm     .    (no cloak)
rCorr   .          Rampage  .    (no gloves)
Will    .....                    (no boots)
Stlth   ..........               (no amulet)
HPRegen 0.12/turn                n - ring of protection from cold
MPRegen 0.10/turn                l - +6 ring of strength

@: weakened
A: sickness immunity, AC +4, negative energy resistance 1, electricity
resistance, torment resistance 1, petrification resistance
a: no special abilities


You were on level 4 of the Dungeon.
You visited 1 branch of the dungeon, and saw 4 of its levels.

You collected 168 gold pieces.


Innate Abilities, Weirdness & Mutations

You are immune to sickness and miasma.
Your stone body is resilient. (AC +4)
You are immune to poison.
You resist negative energy. (rN+)
You are resistant to electric shocks. (rElec)
You are resistant to unholy torment.
You are immune to petrification.


   Skills:
 - Level 4.1 Fighting
 + Level 5.6 Axes
 - Level 3.2 Armour
 - Level 3.2 Shields


You had 5 spell levels left.
You didn't know any spells.
Your spell library was empty.

Inventory:

Hand Weapons
 o - a +0 flail
 Y - a +2 war axe (weapon)
Armour
 a - a +0 helmet (worn)
 b - a +2 chain mail of cold resistance
 c - a +0 buckler (worn)
 i - a +0 plate armour (worn)
Jewellery
 e - a +4 ring of protection
 l - a +6 ring of strength (right hand)
 m - a ring of ice
 n - a ring of protection from cold (left hand)
Scrolls
 f - 2 scrolls of identify
Potions
 d - 2 potions of might
 h - a potion of haste
 j - 2 potions of resistance
 k - 2 potions of curing

Dungeon Overview and Level Annotations

Branches:
Dungeon (4/15)
 Temple: D:4-7

Altars:


Message History

You barely miss the gnoll.
The gnoll is heavily wounded.
You slash the gnoll! You hit the gnoll bouda.
The gnoll hits you from afar with a +0 spear.
The gnoll hits you with a +0 whip. The gnoll bouda barely misses you.
The gnoll hits you from afar with a +0 spear.
The gnoll hits you but does no damage. x2
You closely miss the gnoll.
The gnoll is severely wounded.
You hit the gnoll. You hit the gnoll bouda.
Your attacks no longer feel as feeble.
The gnoll closely misses you. The gnoll bouda barely misses you.
The gnoll hits you but does no damage. The gnoll barely misses you.
You block the gnoll's attack. The gnoll hits you but does no damage.
The gnoll bouda hits you with a +0 whip.
You hit the gnoll bouda.
The gnoll bouda is severely wounded.
You hit the gnoll. You slash the gnoll!
You kill the gnoll!
The gnoll hits you but does no damage. x2; The gnoll barely misses you.
The gnoll bouda hits you but does no damage.
The gnoll closely misses you.
You hit the gnoll.
You kill the gnoll!
You barely miss the gnoll bouda. The gnoll hits you but does no damage.
The gnoll bouda gazes fiercely through you!
You feel your attacks grow feeble.
The gnoll hits you from afar with a +0 spear.
You hit the gnoll bouda.
The gnoll bouda is almost dead.
The gnoll is no longer moving quickly.
You block the gnoll's attack.
The gnoll bouda barks out a call to the hunt!
The gnoll picks up the pace!
The gnoll hits you from afar with a +0 spear!
The gnoll hits you but does no damage.
You barely miss the gnoll bouda.
The gnoll bouda is almost dead.
The gnoll bouda hits you with a +0 whip.
You die...

#........
#........
#...?.... #
.!.......
#.###........
.....g..... #.#
##)g.g..... #.#
##.%@.[.....
#.####..#####..##
####.##...##
#.........#
#.........#
#%........#
#.<.......#
#.........#
#.........#


You could see a gnoll bouda and 2 gnolls.

Vanquished Creatures
  Terence (D:3)
  Natasha (thrice) (D:3)
  Robin (D:3)
  5 adders
  5 gnolls
  2 worms
  2 dart slugs
  An orc (D:3)
  10 endoplasms
  A giant cockroach (D:1)
  6 hobgoblins
  10 jackals
  15 kobolds
  A quokka (D:3)
  10 ball pythons
  9 bats
  A frilled lizard (D:2)
  13 goblins
  11 rats
107 creatures vanquished.

Notes
Turn   | Place    | Note
-------+----------+-------------------------------------------
     0 | D:1      | qw the Gargoyle Fighter began the quest for the Orb.
     0 | D:1      | Reached XP level 1. HP: 14/14 MP: 1/1
     0 | D:1      | 0 ||| qw: Version: 0.2-a-12-gaebbb33
     0 | D:1      | 0 ||| qw: Game counter: 1223
     0 | D:1      | 0 ||| qw: Always use a shield: true
     0 | D:1      | 0 ||| qw: God list: Okawaru
     0 | D:1      | 0 ||| qw: Allow faded altars: false
     0 | D:1      | 0 ||| qw: Do Orc after D:15 true
     0 | D:1      | 0 ||| qw: Do second Lair branch before Depths: true
     0 | D:1      | 0 ||| qw: Lair rune preference: random
     0 | D:1      | 0 ||| qw: Plans: Normal, Zot:1-4, God:TSO, Crypt, Tomb,
                  | Pan, Slime:5, Hells, Abyss, Orb
     0 | D:1      | 0 ||| PLANNING D:1-11
    59 | D:1      | Reached skill level 2 in Axes
    63 | D:1      | Reached XP level 2. HP: 15/19 MP: 2/2
   159 | D:1      | 159 ||| Stepping ~*~*~tactically~*~*~ (stealth).
   164 | D:1      | 164 ||| Stepping ~*~*~tactically~*~*~ (stealth).
   219 | D:1      | 219 ||| Stepping ~*~*~tactically~*~*~ (stealth).
   426 | D:1      | Reached skill level 3 in Axes
   495 | D:1      | Reached XP level 3. HP: 23/23 MP: 3/3
   588 | D:1      | 588 ||| Stepping ~*~*~tactically~*~*~ (stealth).
   595 | D:1      | 595 ||| Stepping ~*~*~tactically~*~*~ (stealth).
   596 | D:1      | 596 ||| Stepping ~*~*~tactically~*~*~ (stealth).
   597 | D:1      | 597 ||| Stepping ~*~*~tactically~*~*~ (stealth).
   648 | D:1      | 648 ||| Stepping ~*~*~tactically~*~*~ (stealth).
   708 | D:1      | 708 ||| Stepping ~*~*~tactically~*~*~ (stealth).
  1175 | D:1      | 1175 ||| UPGRADING to ring of protection from cold.
  1176 | D:1      | 1176 ||| READING scroll labelled TATHRO PISE.
  1177 | D:1      | 1177 ||| READING 3 scrolls labelled IBLOTA APAUTAOT.
  1178 | D:1      | 1178 ||| READING scroll labelled SITHRE PUUBROD.
  1183 | D:1      | 1183 ||| READING scroll labelled YREARPHU CEXE.
  1184 | D:1      | 1184 ||| READING scroll labelled CULONY PA KONK.
  1185 | D:1      | 1185 ||| READING scroll labelled SUISTI QAUW.
  1186 | D:1      | 1186 ||| DRINKING 2 purple potions.
  1187 | D:1      | 1187 ||| READING 2 scrolls of identify.
  1187 | D:1      | 1187 ||| IDENTIFYING golden potion
  1236 | D:2      | 1236 ||| Stepping ~*~*~tactically~*~*~ (stealth).
  1239 | D:2      | 1239 ||| Stepping ~*~*~tactically~*~*~ (stealth).
  1246 | D:2      | 1246 ||| Stepping ~*~*~tactically~*~*~ (stealth).
  1251 | D:2      | 1251 ||| Stepping ~*~*~tactically~*~*~ (stealth).
  1256 | D:2      | 1256 ||| Stepping ~*~*~tactically~*~*~ (stealth).
  1257 | D:2      | 1257 ||| Stepping ~*~*~tactically~*~*~ (stealth).
  1259 | D:2      | 1259 ||| Stepping ~*~*~tactically~*~*~ (stealth).
  1317 | D:2      | 1317 ||| Stepping ~*~*~tactically~*~*~ (stealth).
  1319 | D:2      | 1319 ||| Stepping ~*~*~tactically~*~*~ (stealth).
  1321 | D:2      | 1321 ||| Stepping ~*~*~tactically~*~*~ (stealth).
  1323 | D:2      | 1323 ||| Stepping ~*~*~tactically~*~*~ (stealth).
  1325 | D:2      | 1325 ||| Stepping ~*~*~tactically~*~*~ (stealth).
  1327 | D:2      | 1327 ||| Stepping ~*~*~tactically~*~*~ (stealth).
  1329 | D:2      | 1329 ||| Stepping ~*~*~tactically~*~*~ (stealth).
  1331 | D:2      | 1331 ||| Stepping ~*~*~tactically~*~*~ (stealth).
  1333 | D:2      | 1333 ||| Stepping ~*~*~tactically~*~*~ (stealth).
  1342 | D:2      | 1342 ||| Stepping ~*~*~tactically~*~*~ (stealth).
  1377 | D:2      | Reached XP level 4. HP: 26/28 MP: 4/4
  1436 | D:2      | Reached skill level 4 in Axes
  1780 | D:2      | Found a faded altar of an unknown god.
  1861 | D:2      | 1861 ||| UPGRADING to +0 helmet.
  1866 | D:2      | 1866 ||| READING scroll labelled YNAZXI NUDEET.
  1867 | D:2      | 1867 ||| READING 3 scrolls of identify.
  1867 | D:2      | 1867 ||| IDENTIFYING red potion
  1868 | D:2      | 1868 ||| READING 2 scrolls of identify.
  1868 | D:2      | 1868 ||| IDENTIFYING fuming clear potion
  1869 | D:2      | 1869 ||| DROPPING potion of invisibility.
  1917 | D:3      | 1917 ||| UPGRADING to +0 plate armour.
  1945 | D:3      | 1945 ||| DROPPING +0 scale mail.
  2152 | D:3      | 2152 ||| READING scroll labelled MUSEKIFASA.
  2152 | D:3      | Identified a scroll of acquirement
  2152 | D:3      | 2152 ||| ACQUIRING ring of ice
  2152 | D:3      | Acquired a ring of ice
  2153 | D:3      | 2153 ||| READING 2 scrolls of teleportation.
  2331 | D:3      | 2331 ||| UPGRADING to +6 ring of strength.
  2332 | D:3      | 2332 ||| READING scroll of teleportation.
  2457 | D:3      | 2457 ||| READING scroll of enchant weapon.
  2457 | D:3      | 2457 ||| ENCHANTING +1 war axe.
  2528 | D:3      | Reached XP level 5. HP: 29/32 MP: 5/5
  2549 | D:3      | 2549 ||| Stepping ~*~*~tactically~*~*~ (stealth).
  2884 | D:3      | Reached skill level 5 in Axes
  2932 | D:3      | 2932 ||| Stepping ~*~*~tactically~*~*~ (stealth).
  2933 | D:3      | 2933 ||| DROPPING +0 mace.
  2939 | D:3      | 2939 ||| Stepping ~*~*~tactically~*~*~ (stealth).
  2948 | D:3      | 2948 ||| Stepping ~*~*~tactically~*~*~ (stealth).
  2974 | D:3      | Noticed Robin
  2975 | D:3      | 2975 ||| Stepping ~*~*~tactically~*~*~ (hiding).
  2980 | D:3      | Killed Robin
  2993 | D:3      | Noticed Terence
  3008 | D:3      | Killed Terence
  3096 | D:3      | Noticed Natasha
  3100 | D:3      | Killed Natasha
  3101 | D:3      | Reached XP level 6. HP: 36/38 MP: 6/6
  3282 | D:3      | Noticed Natasha
  3283 | D:3      | Killed Natasha
  3332 | D:3      | Noticed Natasha
  3333 | D:3      | 3333 ||| Stepping ~*~*~tactically~*~*~ (stealth).
  3335 | D:3      | 3335 ||| Stepping ~*~*~tactically~*~*~ (hiding).
  3336 | D:3      | 3336 ||| Stepping ~*~*~tactically~*~*~ (hiding).
  3341 | D:3      | Killed Natasha
  3356 | D:3      | 3356 ||| Stepping ~*~*~tactically~*~*~ (stealth).
  3429 | D:3      | 3429 ||| READING scroll labelled NECENIT BYAXAI.
  3487 | D:4      | 3487 ||| STAIRDANCE
  3526 | D:4      | 3526 ||| Stepping ~*~*~tactically~*~*~ (hiding).
  3543 | D:4      | HP: 4/38 [gnoll/+0 spear[a gnoll bouda] (7)]
  3544 | D:4      | Slain by a gnoll bouda

Levels and vault maps discovered:
D:1:      mrwooster_arrival_statue_2, layout_basic
D:2:      layout_rooms, hellmonk_ecumenical_altar_leap_of_faith
D:3:      layout_loops_ring, serial_co_window_serial, co_window_corner_a,
          co_window_corner_a, co_window_corner_a, co_window_corner_a,
          co_window_paths_a, co_window_broadway_c, co_window_unsneaky_path_d,
          co_window_of_opportunity_c, co_window_unsneaky_path_e,
          co_window_corner_cb, co_window_cross_4, co_window_paths_d,
          glass_columns_a, glass_columns_c, glass_columns_b, uniq_natasha,
          uniq_robin, uniq_terence
D:4:      layout_rooms, nzn_wu_jian_council_hall, solitary_fountain

Skill      XL: |  1  2  3  4  5 |
---------------+----------------+-----
Axes           | 2 3 4 5 |  5.6
Fighting       | 4 |  4.1
Armour         | |  3.2
Shields        | |  3.2

Action                   |  1- 3 |  4- 6 || total
-------------------------+-------+-------++-------
Melee: War axe           |   105 |   162 ||   267
  Use: Scroll            |     7 |     8 ||    15
       Potion            |     1 |       ||     1
Armor: Scale mail        |    78 |    29 ||   107
       Plate armour      |       |    70 ||    70
Dodge: Dodged            |    54 |    62 ||   116
Block: Buckler           |    18 |    29 ||    47

Table legend:
 A = Non-vault XP
 B = Vault XP
 C = Vault XP percentage of total XP
 D = Non-vault monster count
 E = Vault monster count
 F = Vault count percentage of total count
                 A         B        C        D         E       F
            +---------+---------+-------+---------+---------+-------
      Total |     348 |     106 |  23.3 |      94 |      13 |  12.1
            +---------+---------+-------+---------+---------+-------
        D:1 |      55 |       0 |   0.0 |      34 |       0 |   0.0
        D:2 |      83 |       0 |   0.0 |      28 |       0 |   0.0
        D:3 |     174 |     106 |  37.9 |      27 |      13 |  32.5
        D:4 |      36 |       0 |   0.0 |       5 |       0 |   0.0
            +---------+---------+-------+---------+---------+-------
